 Dungeon Crawl Stone Soup version 0.28-a0-895-g6e5f11bd55 (webtiles) character file.

Game seed: 13288001974671951827

361 frimble the Cutter (level 6, 0/57 HPs)
             Began as a Troll Warper on Nov 23, 2021.
             Slain by a scorpion (6 damage)
             ... on level 5 of the Dungeon.
             The game lasted 00:02:43 (2537 turns).

frimble the Cutter (Troll Warper)                   Turns: 2537, Time: 00:02:44

Health: 0/57       AC:  6    Str: 20    XL:     6   Next: 38%
Magic:  7/7        EV: 10    Int: 11    God:
Gold:   234        SH:  0    Dex:  9    Spells: 5/7 levels left

rFire   . . .      SeeInvis .   f - +0 dagger (elec)
rCold   . . .      Faith    .   (no shield)
rNeg    . . .      Spirit   .   b - +0 robe
rPois   .          Reflect  .   n - +2 hat
rElec   .          Harm     .   (no cloak)
rCorr   .          Rampage  .   (gloves unavailable)
Will    +....                   (boots unavailable)
Stlth   +.........              (no amulet)
HPRegen 1.19/turn               p - ring of willpower
MPRegen 0.10/turn               (no ring)

@: lethally poisoned (0 -> 0)
A: large, unfitting armour, claws 3, regeneration 1, shaggy fur 1, tough skin 1
a: no special abilities


You were on level 5 of the Dungeon.
You visited 1 branch of the dungeon, and saw 5 of its levels.

You collected 234 gold pieces.

Inventory:

Hand Weapons
 e - a +0 rapier
 f - a +0 dagger of electrocution (weapon)
Missiles
 d - 5 boomerangs of dispersal (quivered)
Armour
 b - a +0 robe (worn)
 n - a +2 hat (worn)
Jewellery
 p - a ring of willpower (left claw)
Wands
 l - a wand of paralysis (4)
Scrolls
 c - 2 scrolls of blinking
 g - a scroll of identify
 k - 3 scrolls of teleportation
 m - 4 scrolls of amnesia
Potions
 a - a potion of heal wounds
 h - a potion of curing
 i - 2 potions of resistance
 j - a potion of attraction
 o - a potion of lignification


   Skills:
 - Level 1.6 Fighting
 + Level 5.5 Short Blades
 - Level 1.0 Throwing
 - Level 2.0 Dodging
 - Level 1.3 Spellcasting
 - Level 2.2 Translocations


You had 5 spell levels left.
You knew the following spells:

 Your Spells              Type           Power      Damage    Failure   Level
a - Blink                 Tloc           10%        N/A       19%         2

Your spell library contained the following spells:

 Spells                   Type           Power      Damage    Failure   Level
 Shock                    Conj/Air       0%         1d3       30%         1
 Slow                     Hex            0%         N/A       30%         1
 Gell's Gravitas          Tloc           5%         N/A       36%         3
 Lesser Beckoning         Tloc           5%         N/A       36%         3
 Teleport Other           Tloc           5%         N/A       36%         3
 Confusing Touch          Hex            0%         N/A       67%         3
 Ignite Poison            Fire/Tmut/Pois 0%         N/A       67%         3
 Mephitic Cloud           Conj/Pois/Air  0%         N/A       67%         3
 Swiftness                Air            0%         N/A       67%         3
 Airstrike                Air            0%         N/A       97%         4
 Manifold Assault         Tloc           5%         N/A       98%         5
 Freezing Cloud           Conj/Ice/Air   0%         6-21      100%        5
 Yara's Violent Unravell  Hex/Tmut       0%         3d3       100%        5


Dungeon Overview and Level Annotations

Branches:
Dungeon (5/15)
 Temple: D:4-7

Altars:
Kikubaaqudgha
Okawaru

Shops:
D:1 [


Innate Abilities, Weirdness & Mutations

You are too large for most types of armour.
You have claws for hands.
Your natural rate of healing is unusually fast.
You are covered in fur. (AC +1)
You have tough skin. (AC +1)


Message History

You closely miss the scorpion.
You feel very sick. The scorpion stings you.
You closely miss the scorpion.
You feel sick.
The scorpion stings you but does no damage.
You hit the scorpion but do no damage. Lightning courses through the scorpion!
The scorpion is heavily wounded.
You feel sick.
You hit the scorpion but do no damage.
The scorpion is heavily wounded.
You feel sick.
The scorpion stings you but does no damage.
You hit the scorpion but do no damage.
The scorpion is heavily wounded.
You feel sick. The scorpion stings you.
You hit the scorpion.
The scorpion is severely wounded.
You feel sick. The scorpion barely misses you.
You hit the scorpion but do no damage.
The scorpion is severely wounded.
You feel sick.
The scorpion stings you but does no damage.
You barely miss the scorpion.
The scorpion is severely wounded.
You feel sick. The scorpion stings you.
You barely miss the scorpion.
The scorpion is severely wounded.
The scorpion stings you!
* * * LOW HITPOINT WARNING * * *
You hit the scorpion.
The scorpion is severely wounded.
You feel sick. The scorpion closely misses you.
You hit the scorpion.
The scorpion is almost dead.
You feel sick. The scorpion stings you.
* * * LOW HITPOINT WARNING * * *
You closely miss the scorpion.
The scorpion is almost dead.
You feel sick. The scorpion stings you.
You die...

##################
.................###
..####.#########...#####
...##...########.#......
......#............#####
...##...#######...##
..#....## #.@.#
.#.###.## #.s.# .. ##.##
#...... ##.# #.....#.# .
#<# #.....# .. .# ##.#
......# #. #.# ##.##
.#.....# #.###.##
..#.....# #...##


You could see a scorpion.

Vanquished Creatures
  A water moccasin skeleton (D:5)
  A howler monkey (D:4)
  A hound (D:4)
  A centaur skeleton (D:4)
  A bullfrog skeleton (D:4)
  Ijyb (D:3)
  A hound zombie (D:5)
  3 gnolls (D:4)
  5 adders
  2 worms (D:3)
  4 dart slugs
  6 ball pythons
  4 endoplasms
  2 giant cockroaches
  8 goblins
  5 hobgoblins
  6 kobolds
  5 quokkas
  6 bats
  2 frilled lizards (D:2)
  5 rats
70 creatures vanquished.

Notes
Turn   | Place    | Note
-------+----------+-------------------------------------------
     0 | D:1      | frimble the Troll Warper began the quest for the Orb.
     0 | D:1      | Reached XP level 1. HP: 19/19 MP: 1/1
    56 | D:1      | Found Siuziq's Armour Shoppe.
   117 | D:1      | Reached skill level 1 in Throwing
   160 | D:1      | Reached XP level 2. HP: 28/28 MP: 3/3
   331 | D:1      | Reached skill level 2 in Short Blades
   499 | D:2      | Learned a level 2 spell: Blink
   605 | D:2      | Reached XP level 3. HP: 29/35 MP: 4/4
   901 | D:2      | Reached skill level 3 in Short Blades
  1328 | D:3      | Reached XP level 4. HP: 32/42 MP: 5/5
  1619 | D:3      | Noticed Ijyb
  1622 | D:3      | Paralysed by Ijyb for 4 turns
  1642 | D:3      | Killed Ijyb
  1655 | D:3      | Found a faded altar of an unknown god.
  1742 | D:3      | Found an iron altar of Okawaru.
  1841 | D:4      | Reached skill level 4 in Short Blades
  1841 | D:4      | Reached XP level 5. HP: 47/49 MP: 6/6
  1945 | D:4      | Found an ancient bone altar of Kikubaaqudgha.
  2186 | D:4      | Reached skill level 5 in Short Blades
  2287 | D:4      | Reached XP level 6. HP: 57/57 MP: 7/7
  2474 | D:5      | Entered Level 5 of the Dungeon
  2537 | D:5      | Slain by a scorpion

Illustrated notes

Levels and vault maps discovered:
D:1:      dpeg_arrival_long_road, layout_rooms, serial_shops, shop,
          chequers_serial_rivers_small_a, st_stairs_7
D:2:      minmay_spotlight, layout_basic, st_stairs_12,
          kennysheep_decorative_pillar
D:3:      layout_rooms, okawaru_metal_pillars_1_2,
          hellmonk_ecumenical_altar_arch_garden, nicolae_underground_beach,
          uniq_ijyb
D:4:      layout_gridville, mainiacjoe_overflow_alcove_2, minivault_27,
          serial_bayou_ford_a, minivault_26, serial_park_tiny_pond,
          grunt_decor_cap
D:5:      gammafunk_wand_slinger, layout_loops_ring,
          chequers_temple_overflow_statue_of_worship,
          minmay_temple_entry_statues_pillars, uniq_menkaure

Skill      XL: |  1  2  3  4  5 |
---------------+----------------+-----
Throwing       | 1 |  1.0
Dodging        | 2 |  2.0
Short Blades   | 2 3 4 5 |  5.5
Fighting       | |  1.6
Spellcasting   | |  1.3
Translocations | |  2.2

Action                   |  1- 3 |  4- 6 || total
-------------------------+-------+-------++-------
Melee: Short sword       |    12 |       ||    12
       Dagger            |   143 |   161 ||   304
  Use: Scroll            |     4 |     5 ||     9
 Stab: Sleeping          |       |     2 ||     2
Armor: Robe              |    71 |    32 ||   103
Dodge: Dodged            |    98 |    79 ||   177

Table legend: (Time is in decaauts)
 A = Elapsed time spent in this place.
 B = Non-inter-level travel time spent in this place.
 C = Inter-level travel time spent in this place.
 D = Time resting spent in this place.
 E = Time spent auto-exploring this place.
 F = Levels seen in this place.
 G = Mean time per level.
                   A        B        C        D        E       F      G
               +--------+--------+--------+--------+--------+-----+--------+
         Total |   2487 |   2407 |     80 |      0 |   1790 |   5 |  497.4 |
       Dungeon |   2487 |   2407 |     80 |      0 |   1790 |   5 |  497.4 |
               +--------+--------+--------+--------+--------+-----+--------+

Top non-repeatable levels by time:
     D:2: 812 daAuts
     D:4: 700 daAuts
     D:3: 476 daAuts
     D:1: 444 daAuts
     D:5: 54 daAuts
